 Dungeon Crawl Stone Soup version 0.31-a0-267-g3fc6992b3b (webtiles) character file.

Game seed: 14322907106825099993

261 qw the Shooter (level 6, -2/37 HPs)
             Began as a Gargoyle Hexslinger on July 13, 2023.
             Slain by a wraith (3 damage)
             ... in an ossuary.
             The game lasted 00:01:15 (3060 turns).

qw the Shooter (Gargoyle Hexslinger)                Turns: 3060, Time: 00:01:15

Health: -2/37      AC: 12    Str: 12    XL:     6   Next: 18%
Magic:  7/7        EV: 10    Int: 13    God:
Gold:   65         SH:  0    Dex: 14    Spells: 6/7 levels left

rFire   . . .        Y - +1 sling
rCold   . . .        (no shield)
rNeg    + . .        f - +0 ring mail
rPois   inf          g - +0 helmet
rElec   +            (no cloak)
rCorr   .            (no gloves)
SInv    .            i - +1 pair of boots
Will    .....        (no amulet)
Stlth   +            (no ring)
HPRegen 0.26/turn    (no ring)
MPRegen 0.10/turn

%: no passive effects
@: slowed, very slow
A: sickness immunity, AC +4, negative energy resistance 1, electricity
resistance, torment resistance 1, petrification resistance
a: no special abilities


You were in an ossuary.
You visited 1 branch of the dungeon, and saw 4 of its levels.
You also visited: Ossuary.

You collected 65 gold pieces.


Innate Abilities, Weirdness & Mutations

You are immune to sickness and miasma.
Your stone body is resilient. (AC +4)
You are immune to poison.
You resist negative energy. (rN+)
You are resistant to electric shocks. (rElec)
You are resistant to unholy torment.
You are immune to petrification.


   Skills:
 - Level 3.5 Fighting
 + Level 5.2 Ranged Weapons
 - Level 1.0 Armour
 - Level 1.5 Dodging
 - Level 1.0 Spellcasting
 - Level 2.6 Hexes


You had 6 spell levels left.
You knew the following spells:

 Your Spells              Type           Power      Damage    Failure   Level
a - Slow                  Hex            28%        N/A       22%         1

Your spell library contained the following spells:

 Spells                   Type           Power      Damage    Failure   Level
 Inner Flame              Hex/Fire       4%         N/A       73%         3
 Portal Projectile        Hex/Tloc       8%         N/A       73%         3
 Cause Fear               Hex            3%         N/A       91%         4

Inventory:

Hand Weapons
 Y - a +1 sling (weapon)
Armour
 f - a +0 ring mail (worn)
 g - a +0 helmet (worn)
 i - a +1 pair of boots (worn)
Scrolls
 l - a scroll of identify
Potions
 a - a potion of curing
 b - a potion of haste {unknown}
 c - a potion of heal wounds {unknown}
 d - a potion of brilliance {unknown}
 e - a potion of mutation {unknown}
 j - a potion of might
 k - a potion of lignification {unknown}

Dungeon Overview and Level Annotations

Branches:
Dungeon (4/15)            Ossuary (1/1)
 Temple: D:4-7

Altars:

Annotations:
Ossuary exclusion: 2 wights


Message History

You shoot a sling bullet. The sling bullet hits the wraith.
The wraith is lightly damaged.
The wraith hits you. The wraith drains your vigour!
You feel as though you will be slow longer.
The wraith hits you! The wraith drains your vigour!
You feel as though you will be slow longer.
3047 ||| READING scroll of teleportation.
As you read the scroll of teleportation, it crumbles to dust.
You feel strangely unstable. The wraith hits you!
The wraith drains your vigour!
You feel as though you will be slow longer.
The wraith hits you but does no damage.
You shoot a sling bullet.
The sling bullet barely misses the wraith.
The wraith closely misses you. x2
You shoot a sling bullet.
The sling bullet hits the wraith but does no damage.
The wraith is lightly damaged.
Your surroundings suddenly seem different.
You start resting.
A wraith is nearby!
You shoot a sling bullet.
The sling bullet closely misses the wraith.
You shoot a sling bullet.
The sling bullet hits the wraith but does no damage.
The wraith is lightly damaged.
You shoot a sling bullet. The sling bullet hits the wraith.
The wraith is lightly damaged.
You shoot a sling bullet.
The sling bullet closely misses the wraith.
The wraith closely misses you. The wraith misses you.
You shoot a sling bullet. The sling bullet hits the wraith.
The wraith is lightly damaged.
The wraith hits you. The wraith drains your vigour!
You feel as though you will be slow longer.
The wraith misses you.
You shoot a sling bullet. The sling bullet hits the wraith.
The wraith is lightly damaged.
The wraith hits you.
You die...

###############
#..........W@.#
#.W##.###.##+.#
#.#. z#. .#
#.### . .# #..
.# #.. .# #.##
.# #.# .# #.#


You could see a wraith.

Vanquished Creatures
  A phantom (D:4)
  A scorpion (D:4)
  Robin (D:3)
  3 adders
  A worm (D:4)
  2 dart slugs (D:1)
  3 orcs (D:3)
  6 ball pythons
  5 bats
  4 endoplasms
  A giant cockroach (D:1)
  8 goblins
  6 hobgoblins
  12 jackals
  2 quokkas
  A ball python skeleton (Ossuary)
  3 frilled lizards (D:1)
  A hobgoblin skeleton (Ossuary)
  6 kobolds
  A kobold zombie (Ossuary)
  An orc skeleton (Ossuary)
  5 rats
74 creatures vanquished.

Notes
Turn   | Place    | Note
-------+----------+-------------------------------------------
     0 | D:1      | qw the Gargoyle Hexslinger began the quest for the Orb.
     0 | D:1      | Reached XP level 1. HP: 12/12 MP: 2/2
     0 | D:1      | 0 ||| qw: Version: 0.3-a-52-g30416fa
     0 | D:1      | 0 ||| qw: Game counter: 7694
     0 | D:1      | 0 ||| qw: Melee chars always use a shield: true
     0 | D:1      | 0 ||| qw: God list: Okawaru
     0 | D:1      | 0 ||| qw: Allow faded altars: false
     0 | D:1      | 0 ||| qw: Do Orc after clearing Dungeon:15 true
     0 | D:1      | 0 ||| qw: Do second Lair branch before Depths: true
     0 | D:1      | 0 ||| qw: Lair rune preference: random
     0 | D:1      | 0 ||| qw: Goals: Normal
     0 | D:1      | 0 ||| PLANNING D:1-11
   344 | D:1      | Reached XP level 2. HP: 16/16 MP: 3/3
   461 | D:1      | Reached skill level 3 in Ranged Weapons
   577 | D:1      | Reached XP level 3. HP: 21/21 MP: 4/4
   807 | D:1      | 807 ||| UPGRADING to +0 ring mail.
   817 | D:1      | 817 ||| DROPPING +0 robe.
   818 | D:1      | 818 ||| UPGRADING to +1 pair of boots.
   823 | D:1      | 823 ||| DROPPING ring of magical power.
   824 | D:1      | 824 ||| READING scroll labelled PAESKOE FUWKI.
   825 | D:1      | 825 ||| READING scroll labelled QIDIEN GIYDIOD.
   826 | D:1      | 826 ||| READING scroll labelled FUNOLELUBES.
   829 | D:1      | 829 ||| DROPPING scroll of poison.
   870 | D:2      | Reached skill level 1 in Armour
  1029 | D:2      | Reached XP level 4. HP: 26/26 MP: 5/5
  1279 | D:2      | 1279 ||| READING scroll labelled ULEF PATIKK.
  1280 | D:2      | 1280 ||| READING scroll labelled ONWOIS WIB.
  1281 | D:2      | 1281 ||| READING 2 scrolls labelled OMUSUA REHOYGG.
  1282 | D:2      | 1282 ||| READING scroll labelled UKYAJAI HUANE.
  1283 | D:2      | 1283 ||| DROPPING scroll of fog.
  1581 | D:3      | Reached skill level 4 in Ranged Weapons
  1763 | D:3      | Noticed Robin
  1776 | D:3      | Killed Robin
  2242 | D:3      | 2242 ||| UPGRADING to +0 helmet.
  2247 | D:3      | 2247 ||| READING scroll labelled PILIWOICLE.
  2348 | D:3      | 2348 ||| DRINKING 2 white potions.
  2349 | D:3      | 2349 ||| DRINKING 2 red potions.
  2373 | D:4      | 2373 ||| PLANNING OSSUARY
  2379 | D:4      | Noticed a phantom
  2394 | D:4      | Killed a phantom
  2395 | D:4      | Reached skill level 5 in Ranged Weapons
  2395 | D:4      | Reached XP level 5. HP: 13/30 MP: 6/6
  2395 | D:4      | 2395 ||| FLEEEEING.
  2396 | D:4      | 2396 ||| FLEEEEING.
  2397 | D:4      | 2397 ||| STAIRDANCE
  2580 | D:4      | Reached skill level 3 in Fighting
  2580 | D:4      | Reached XP level 6. HP: 37/37 MP: 7/7
  2828 | D:4      | Found a sand-covered staircase.
  2838 | Ossuary  | Entered an ossuary
  2901 | Ossuary  | HP: 7/37 [wight/+0 trident (4)]
  2902 | Ossuary  | 2902 ||| READING 2 scrolls of teleportation.
  2905 | Ossuary  | HP: 3/37 [wight/+0 trident (3)]
  3037 | Ossuary  | Noticed a flying skull
  3038 | Ossuary  | Noticed a wraith
  3046 | Ossuary  | HP: 9/37 [wraith (8)]
  3047 | Ossuary  | 3047 ||| READING scroll of teleportation.
  3047 | Ossuary  | HP: 1/37 [wraith (8)]
  3059 | Ossuary  | HP: 1/37 [wraith (6)]
  3060 | Ossuary  | Slain by a wraith

Levels and vault maps discovered:
D:1:      heliophobic_arrival_glass_houses, layout_basic, hangedman_decor_lopped
D:2:      minmay_general_purpose_star, layout_rooms
D:3:      layout_basic, uniq_robin
D:4:      layout_cave_pods, nicolae_ossuary_entry_monument
Ossuary:  ossuary_due_cavern

Skill      XL: |  1  2  3  4  5 |
---------------+----------------+-----
Ranged Weapons | 3 5 |  5.2
Fighting       | 2 3 |  3.5
Armour         | 1 |  1.0
Dodging        | |  1.5
Spellcasting   | |  1.0
Hexes          | |  2.6

Action                     |  1- 3 |  4- 6 || total
---------------------------+-------+-------++-------
   Fire: Sling             |   116 |   198 ||   314
    Use: Scroll            |     3 |     7 ||    10
         Potion            |       |     2 ||     2
 Armour: Robe              |    16 |       ||    16
         Ring mail         |     8 |    92 ||   100
  Dodge: Dodged            |    79 |    82 ||   161

Table legend:
 A = Non-vault XP
 B = Vault XP
 C = Vault XP percentage of total XP
 D = Non-vault monster count
 E = Vault monster count
 F = Vault count percentage of total count
                 A         B        C        D         E       F
            +---------+---------+-------+---------+---------+-------
      Total |     340 |      33 |   8.8 |      62 |      12 |  16.2
            +---------+---------+-------+---------+---------+-------
        D:1 |      47 |       0 |   0.0 |      27 |       0 |   0.0
        D:2 |      41 |       2 |   4.7 |      11 |       1 |   8.3
        D:3 |      27 |      27 |  50.0 |      13 |       7 |  35.0
        D:4 |     225 |       0 |   0.0 |      11 |       0 |   0.0
    Ossuary |       0 |       4 | 100.0 |       0 |       4 | 100.0
            +---------+---------+-------+---------+---------+-------
